[Event "Titled Tuesday Blitz August 1 Early 2023"]
[White "Mendez Fortes, Eduardo Jesus"]
[Black "Rozhkov, Viacheslav"]
[WhiteFideId "3502376"]
[BlackFideId "4181484"]
[WhiteElo "2564"]
[BlackElo "2462"]
[Result "0-1"]
[Round "9"]
[TimeControl "180+1"]
[Date "2023.08.01"]
[WhiteClock "0:00:04"]
[BlackClock "0:00:07"]
[Board "75"]

1. e4 c5 2. Nf3 Nc6 3. d4 cxd4 4. Nxd4 Nf6 5. Nc3 e6 6. Ndb5 Bb4 7. a3 Bxc3+ 8. Nxc3 d5 9. exd5 exd5 10. Bd3 O-O 11. O-O d4 12. Ne2 Bg4 13. f3 Bh5 14. Ng3 Bg6 15. Bxg6 hxg6 16. f4 Qb6 17. Kh1 Ne7 18. b4 Nf5 19. Nxf5 gxf5 20. Bb2 Rad8 21. Qd3 Ne4 22. Rad1 Rfe8 23. Kg1 Nc3 24. Rde1 Re4 25. Kh1 Qc6 26. Bxc3 Qxc3 27. Rd1 Re3 28. Qxf5 Re2 29. Rc1 Qd2 30. Qg4 Rde8 31. h3 R8e6 32. f5 R6e4 33. Qg3 R4e3 34. Qb8+ Kh7 35. Qxb7 Rg3 36. Rfd1 Qe3 37. Rd3 Qxc1+ 38. Kh2 Rgxg2+ 39. Qxg2 Rxg2+ 40. Kxg2 Qxc2+ 0-1


[Site "https://www.chess.com"]

[Event "Titled Tuesday Blitz August 1 Early 2023"]
[White "Swicarz, Maciej"]
[Black "Gauri, Shankar"]
[WhiteFideId "1113585"]
[BlackFideId "5041350"]
[WhiteElo "2429"]
[BlackElo "2559"]
[Result "0-1"]
[Round "9"]
[TimeControl "180+1"]
[Date "2023.08.01"]
[WhiteClock "0:02:04"]
[BlackClock "0:01:08"]
[Board "76"]

1. c4 e5 2. Nc3 Bb4 3. Nd5 Bc5 4. Nf3 Nc6 5. e3 Nf6 6. d4 Nxd5 7. cxd5 Bb4+ 8. Bd2 Bxd2+ 9. Qxd2 e4 10. dxc6 exf3 11. cxd7+ Bxd7 12. gxf3 Bc6 13. Be2 O-O 14. Rg1 Qh4 15. d5 Bd7 16. Qc3 g6 17. Qxc7 Qb4+ 18. Qc3 Qd6 19. e4 Rac8 20. Qd2 Qxh2 21. Bd3 Qxg1+ 0-1


[Site "https://www.chess.com"]

[Event "Titled Tuesday Blitz August 1 Early 2023"]
[White "Han, Yichen"]
[Black "Ibadov, Dashgyn"]
[WhiteFideId "1054430"]
[BlackFideId "24107514"]
[WhiteElo "2408"]
[BlackElo "2549"]
[Result "0-1"]
[Round "9"]
[TimeControl "180+1"]
[Date "2023.08.01"]
[WhiteClock "0:00:00"]
[BlackClock "0:00:24"]
[Board "77"]

1. e4 e6 2. d4 d5 3. Nc3 Nf6 4. Bg5 Be7 5. e5 Nfd7 6. h4 h6 7. Bxe7 Qxe7 8. Qg4 O-O 9. f4 c5 10. Nf3 Nc6 11. O-O-O a6 12. Rh3 f5 13. exf6 Qxf6 14. Kb1 cxd4 15. Ne2 Nc5 16. Ne5 Nxe5 17. fxe5 Qxe5 18. Nxd4 Ne4 19. Qg6 Qxd4 20. Bd3 Qf6 21. Qh5 Qf5 22. Qe2 Bd7 23. Rf3 Qe5 24. Re3 Bb5 25. c4 Bc6 26. g4 Rf4 27. g5 hxg5 28. hxg5 Raf8 29. Rh3 Rf2 30. Bxe4 Rxe2 0-1


[Site "https://www.chess.com"]

[Event "Titled Tuesday Blitz August 1 Early 2023"]
[White "Golubev, Mikhail"]
[Black "Gardezi, Arsal"]
[WhiteFideId "14100983"]
[BlackFideId "30949521"]
[WhiteElo "2542"]
[BlackElo "2304"]
[Result "1-0"]
[Round "9"]
[TimeControl "180+1"]
[Date "2023.08.01"]
[WhiteClock "0:01:39"]
[BlackClock "0:01:50"]
[Board "79"]

1. e4 e6 2. d4 c5 3. Nf3 cxd4 4. Nxd4 Nc6 5. Nc3 Nf6 6. Ndb5 Bc5 7. Nd6+ Ke7 8. Bf4 Qa5 9. Qd2 e5 10. Nc4 Qc7 11. Bg5 a6 12. Nd5+ 1-0


[Site "https://www.chess.com"]

[Event "Titled Tuesday Blitz August 1 Early 2023"]
[White "Thecourseoisildur"]
[Black "Daniel_Salinas"]
[WhiteElo "2540"]
[BlackElo "2285"]
[Result "1-0"]
[Round "9"]
[TimeControl "180+1"]
[Date "2023.08.01"]
[WhiteClock "0:00:03"]
[BlackClock "0:00:03"]
[Board "80"]

1. e4 c6 2. d4 d5 3. e5 c5 4. dxc5 e6 5. Nf3 Bxc5 6. Bd3 Ne7 7. a3 Ng6 8. b4 Be7 9. O-O a5 10. b5 Nd7 11. Bb2 O-O 12. a4 b6 13. Nbd2 Nc5 14. Nb3 Bb7 15. Nbd4 Rc8 16. g3 Qc7 17. h4 Rfd8 18. h5 Nf8 19. h6 f6 20. hxg7 Kxg7 21. Qd2 Ng6 22. exf6+ Bxf6 23. Rae1 Qf7 24. Kg2 Ne4 25. Qe3 e5 26. Qh6+ Kxh6 27. Nf5+ Kh5 28. Rh1+ Nh4+ 29. N3xh4 Bxh4 30. Rxh4+ Kg6 31. g4 h5 32. Bxe5 hxg4 33. Bxe4 dxe4 34. Ne3 Qf3+ 35. Kg1 Rd7 36. Rxg4+ Kf7 37. Rf4+ Ke6 38. Rxf3 exf3 39. Bg3 Rg8 40. Ng4+ Kf7 41. Ne5+ Ke8 42. Nxd7+ Kxd7 43. Rd1+ Ke6 44. Rd4 Bd5 45. Rh4 Rg6 46. Rh7 Kf5 47. Rd7 Be4 48. Rd8 Re6 49. Rf8+ Kg6 50. Rb8 Kf5 51. c4 Bd3 52. c5 bxc5 53. b6 c4 54. b7 Be4 55. Rf8+ Kg6 56. b8=Q c3 57. Rg8+ Kf5 58. Qf8+ Rf6 59. Qc5+ Ke6 60. Re8+ Kf7 61. Qe7+ Kg6 62. Rg8+ Kf5 63. Bh4 Rb6 64. Rg5+ Kf4 65. Qe5# 1-0


[Site "https://www.chess.com"]

[Event "Titled Tuesday Blitz August 1 Early 2023"]
[White "Xu, Yi"]
[Black "Liu, Casper"]
[WhiteFideId "8605564"]
[BlackFideId "1454153"]
[WhiteElo "2722"]
[BlackElo "2493"]
[Result "1-0"]
[Round "9"]
[TimeControl "180+1"]
[Date "2023.08.01"]
[WhiteClock "0:01:14"]
[BlackClock "0:02:19"]
[Board "81"]

1. d4 Nf6 2. c4 g6 3. g3 Bg7 4. Bg2 O-O 5. Nf3 c5 6. O-O cxd4 7. Nxd4 Nc6 8. Nc3 Nxd4 9. Qxd4 d6 10. Qd3 Qc7 11. Bg5 Be6 12. b3 Nd7 13. Rac1 h6 14. Bxe7 Rfe8 15. Bxd6 Qa5 16. Nb5 Red8 17. Bc7 Nc5 18. Qxd8+ Rxd8 19. Bxa5 1-0


[Site "https://www.chess.com"]

[Event "Titled Tuesday Blitz August 1 Early 2023"]
[White "Csonka, Balazs"]
[Black "Bettalli, Francesco"]
[WhiteFideId "742910"]
[BlackFideId "2816453"]
[WhiteElo "2701"]
[BlackElo "2490"]
[Result "1/2-1/2"]
[Round "9"]
[TimeControl "180+1"]
[Date "2023.08.01"]
[WhiteClock "0:00:04"]
[BlackClock "0:00:32"]
[Board "82"]

1. e4 e5 2. Nf3 Nf6 3. d4 Nxe4 4. Bd3 d5 5. Nxe5 Bd6 6. O-O O-O 7. c4 c6 8. Nc3 Nxc3 9. bxc3 Nd7 10. f4 f6 11. Qh5 f5 12. Nxd7 Bxd7 13. a4 Qf6 14. a5 g6 15. Qf3 dxc4 16. Bxc4+ Be6 17. Bxe6+ Qxe6 18. a6 b6 19. Qxc6 Rac8 20. Qf3 Qe4 21. Qxe4 fxe4 22. Ba3 Rf6 23. Bxd6 Rxd6 24. Rfe1 Rxc3 25. Rxe4 Rc7 26. h4 Rcd7 27. Ra4 b5 28. Rb4 Rxa6 29. Rxb5 Rad6 30. Rb4 Rd5 31. Kf2 Kg7 32. Ke3 a5 33. Ra4 Rb5 34. Re5 Rb3+ 35. Ke4 Rg3 36. Rg5 Re7+ 37. Kd5 Rd3 38. Kc4 Rd1 39. Rgxa5 Re2 40. Kc3 Rxg2 41. Rg5 Rgd2 42. h5 Rd3+ 43. Kc2 R1d2+ 44. Kc1 Rd1+ 45. Kc2 R3d2+ 46. Kc3 Rd3+ 47. Kc2 1/2-1/2


[Site "https://www.chess.com"]

[Event "Titled Tuesday Blitz August 1 Early 2023"]
[White "Kovalevsky, Stanislav"]
[Black "Morefield, Jason"]
[WhiteFideId "13508598"]
[BlackFideId "30920825"]
[WhiteElo "2483"]
[BlackElo "2687"]
[Result "1-0"]
[Round "9"]
[TimeControl "180+1"]
[Date "2023.08.01"]
[WhiteClock "0:00:13"]
[BlackClock "0:00:09"]
[Board "83"]

1. c4 c6 2. e4 d5 3. exd5 cxd5 4. cxd5 Nf6 5. Nc3 g6 6. Bc4 Bg7 7. Nge2 Nbd7 8. d3 a6 9. d6 exd6 10. Bf4 Ne5 11. Bb3 Bf5 12. O-O Nxd3 13. Nd4 Nxf4 14. Nxf5 gxf5 15. Re1+ Kf8 16. Qf3 Ng6 17. Qxb7 Nd7 18. Rad1 Be5 19. Qd5 Kg7 20. Qxf7+ Kh6 21. Rd3 Kg5 22. h4+ Nxh4 23. Rxe5 Nxe5 24. Rg3+ Ng4 25. Nd5 Re8 26. Qg7+ Ng6 27. f4+ Kh5 28. Qxh7+ Nh6 29. Qxg6+ Kh4 30. Rh3# 1-0


[Site "https://www.chess.com"]

[Event "Titled Tuesday Blitz August 1 Early 2023"]
[White "Alamzhi21"]
[Black "Mmukka"]
[WhiteElo "2667"]
[BlackElo "2482"]
[Result "0-1"]
[Round "9"]
[TimeControl "180+1"]
[Date "2023.08.01"]
[WhiteClock "0:00:02"]
[BlackClock "0:00:04"]
[Board "84"]

1. d4 d5 2. c4 dxc4 3. e3 Nf6 4. Bxc4 e6 5. Nf3 c5 6. O-O a6 7. a4 Nc6 8. Nc3 Be7 9. d5 exd5 10. Nxd5 Nxd5 11. Bxd5 Nb4 12. Bc4 O-O 13. e4 Be6 14. Bxe6 fxe6 15. Qb3 Qc8 16. Ne5 Bf6 17. Nc4 Qc7 18. a5 Rad8 19. Be3 Rd3 20. Qa4 Bd4 21. Rad1 Rxd1 22. Rxd1 Bxe3 23. Nxe3 Qf4 24. Rf1 Qxe4 25. Qd7 Nd3 26. Nd1 Nf4 27. f3 Qg6 28. Ne3 Qg5 29. Kh1 Rd8 30. Qxb7 h5 31. g3 Ne2 32. Qe4 Nd4 33. f4 Qf6 34. Nc4 h4 35. g4 Nb5 36. Ne5 Rd4 37. Qe3 Nc7 38. f5 Nd5 39. Qe1 exf5 40. Rxf5 Qe6 41. Qxh4 Ne3 42. Rf8+ Kxf8 43. Qh8+ Ke7 44. Qxg7+ Kd6 45. Qf8+ Kxe5 46. Qg7+ Kd5 47. Qg5+ Kc4 48. Qg7 Rd1# 0-1


[Site "https://www.chess.com"]

[Event "Titled Tuesday Blitz August 1 Early 2023"]
[White "Nagare Kaivalya Sandip"]
[Black "D`Arruda, Ricardo D."]
[WhiteFideId "25957929"]
[BlackFideId "100692"]
[WhiteElo "2666"]
[BlackElo "2475"]
[Result "1-0"]
[Round "9"]
[TimeControl "180+1"]
[Date "2023.08.01"]
[WhiteClock "0:01:38"]
[BlackClock "0:00:17"]
[Board "85"]

1. e4 c5 2. Nf3 Nc6 3. d4 cxd4 4. Nxd4 e5 5. Nb5 a6 6. Nd6+ Bxd6 7. Qxd6 Qe7 8. Qd1 Nf6 9. Nc3 d6 10. Bg5 Be6 11. g3 h6 12. Bxf6 Qxf6 13. Bg2 Rd8 14. O-O O-O 15. Nd5 Bxd5 16. Qxd5 Qe6 17. Qd2 Rfe8 18. c3 Ne7 19. Rfd1 Rd7 20. a4 Rc8 21. Qe3 Rc6 22. Rd2 Qb3 23. a5 Rdc7 24. Rad1 Qe6 25. f4 f6 26. f5 Qd7 27. g4 Nc8 28. h4 b6 29. g5 hxg5 30. hxg5 fxg5 31. Qxg5 Qe7 32. Qh5 Qf7 33. Qh4 Qe7 34. Qg4 bxa5 35. Bf3 Qf6 36. Rh2 Rf7 37. Kh1 Kf8 38. Rg1 Ke7 39. Qh5 Qh6 40. Qxh6 gxh6 41. Rxh6 Rb6 42. Bh5 Rf8 43. Rg7+ Kd8 44. Rhh7 1-0


[Site "https://www.chess.com"]

[Event "Titled Tuesday Blitz August 1 Early 2023"]
[White "KrokerGuy"]
[Black "Koshulyan, Egor A."]
[BlackFideId "24237000"]
[WhiteElo "2474"]
[BlackElo "2648"]
[Result "1-0"]
[Round "9"]
[TimeControl "180+1"]
[Date "2023.08.01"]
[WhiteClock "0:00:43"]
[BlackClock "0:01:33"]
[Board "86"]

1. e4 c5 2. Nf3 Nc6 3. d4 cxd4 4. Nxd4 Nf6 5. Nc3 e5 6. Ndb5 d6 7. Bg5 a6 8. Na3 Be6 9. Nc4 Rb8 10. Ne3 Be7 11. Bxf6 Bxf6 12. g3 Bg5 13. Ncd5 Ne7 14. Bg2 O-O 15. O-O Kh8 16. Qd3 Nxd5 17. Nxd5 f5 18. exf5 Bxf5 19. Qe2 Bc8 20. Rad1 Bd7 21. Nc3 Be7 22. Bd5 Rc8 23. Ne4 Qb6 24. c4 Bh3 25. Rfe1 Bf5 26. b3 Qc7 27. Rd2 Rcd8 28. Red1 b5 29. cxb5 axb5 30. Qxb5 Qa7 31. Qe2 Qd7 32. Rd3 Bg4 33. f3 Bf5 34. Qe3 Bg6 35. Kg2 Bh5 36. Nc3 Rc8 37. Be4 Qe6 38. Nd5 Bd8 39. a4 Rc2+ 40. R3d2 Rxd2+ 41. Rxd2 h6 42. Qd3 Be8 43. Ne3 Bc7 44. Nc4 Bd7 45. g4 h5 46. Bf5 Qe7 47. Bxd7 Qxd7 48. Nxe5 d5 49. Nxd7 1-0


[Site "https://www.chess.com"]

[Event "Titled Tuesday Blitz August 1 Early 2023"]
[White "Polaczek, Richard"]
[Black "Itgelt, Khuyagtsogt"]
[WhiteFideId "200026"]
[BlackFideId "4902912"]
[WhiteElo "2472"]
[BlackElo "2645"]
[Result "0-1"]
[Round "9"]
[TimeControl "180+1"]
[Date "2023.08.01"]
[WhiteClock "0:00:00"]
[BlackClock "0:00:39"]
[Board "87"]

1. d4 Nf6 2. Bg5 g6 3. Bxf6 exf6 4. c4 f5 5. Nc3 d6 6. e3 Bg7 7. g3 O-O 8. Bg2 c6 9. Nge2 Nd7 10. O-O Re8 11. b4 Qe7 12. b5 c5 13. Nd5 Qd8 14. Qd3 Nb6 15. Nef4 Be6 16. Nxb6 Qxb6 17. Rad1 cxd4 18. exd4 Rac8 19. Bd5 Bh6 20. Nxe6 fxe6 21. Bg2 e5 22. dxe5 dxe5 23. Bd5+ Kh8 24. h4 Rc7 25. h5 Kg7 26. hxg6 hxg6 27. g4 Qf6 28. Kg2 Bf4 29. Rh1 Qg5 30. Qh3 e4 31. Kf1 fxg4 32. Qc3+ Be5 33. Qb4 g3 34. Bxe4 Rf7 35. Rh7+ Kxh7 0-1


[Site "https://www.chess.com"]

[Event "Titled Tuesday Blitz August 1 Early 2023"]
[White "benny_aizenberg"]
[Black "Kuznetsov, Mikhail"]
[BlackFideId "4117190"]
[WhiteElo "2636"]
[BlackElo "2470"]
[Result "1-0"]
[Round "9"]
[TimeControl "180+1"]
[Date "2023.08.01"]
[WhiteClock "0:02:36"]
[BlackClock "0:00:00"]
[Board "88"]

1. g4 d5 2. g5 c5 3. h4 Nc6 4. d3 h6 5. Bg2 hxg5 6. hxg5 Rxh1 7. Bxh1 g6 8. Nc3 e6 9. e4 d4 10. Nce2 Be7 11. f4 e5 12. Nf3 exf4 13. Bxf4 Bg4 14. Qd2 Bxf3 15. Bxf3 Bd6 16. O-O-O Bxf4 17. Qxf4 Qe7 18. Rh1 Qe5 19. Rh7 Qxf4+ 20. Nxf4 Ne5 21. Bg2 Ke7 22. Nd5+ Kd6 23. Rh8 Rc8 24. Bh3 Ne7 25. Bxc8 Nxd5 26. exd5 1-0


[Site "https://www.chess.com"]

[Event "Titled Tuesday Blitz August 1 Early 2023"]
[White "Arias, Juan Cruz"]
[Black "Dinu, Dumitru-Daniel"]
[WhiteFideId "118540"]
[BlackFideId "1208403"]
[WhiteElo "2629"]
[BlackElo "2469"]
[Result "1-0"]
[Round "9"]
[TimeControl "180+1"]
[Date "2023.08.01"]
[WhiteClock "0:01:50"]
[BlackClock "0:00:07"]
[Board "89"]

1. d4 d5 2. Nf3 Nf6 3. e3 e6 4. Bd3 c5 5. c3 Nc6 6. O-O Be7 7. Nbd2 O-O 8. Qe2 Re8 9. Ne5 Nxe5 10. dxe5 Nd7 11. f4 f6 12. exf6 Bxf6 13. e4 dxe4 14. Nxe4 e5 15. Nxf6+ Qxf6 16. Bxh7+ Kxh7 17. Qh5+ Qh6 18. Qxe8 Nf6 19. Qd8 e4 20. f5 e3 21. h3 Qg5 22. Qd3 Bd7 23. Bxe3 Qh5 24. Bxc5 Bc6 25. Bd4 Rd8 26. Qg3 Rd7 27. Rae1 Ne4 28. Qg6+ Qxg6 29. fxg6+ Kxg6 30. Rf4 Ng5 31. Rg4 Rd5 32. Re5 Rxe5 33. Bxe5 Kf5 34. Bxg7 Ne6 35. Bd4 Bd5 36. b3 b5 37. Kf2 a6 38. Ke3 a5 39. g3 b4 40. Rh4 bxc3 41. Bxc3 Ng5 42. Rh5 Kg6 43. Rxg5+ Kxg5 44. Bxa5 Bg2 45. h4+ Kg4 46. Bc7 Bc6 47. a4 Bd5 48. b4 Bb3 49. a5 Bc4 50. Kd4 Be2 51. Bf4 Ba6 52. Kc5 Bf1 53. b5 Bg2 54. b6 Bb7 55. Kd6 Bc8 56. Kc7 Ba6 57. b7 Bxb7 58. Kxb7 1-0


[Site "https://www.chess.com"]

[Event "Titled Tuesday Blitz August 1 Early 2023"]
[White "Vantika Agrawal"]
[Black "Yashmetov, Mikhail"]
[WhiteFideId "25050389"]
[BlackFideId "24198900"]
[WhiteElo "2613"]
[BlackElo "2466"]
[Result "1-0"]
[Round "9"]
[TimeControl "180+1"]
[Date "2023.08.01"]
[WhiteClock "0:01:26"]
[BlackClock "0:00:05"]
[Board "90"]

1. d4 Nf6 2. c4 e6 3. Nf3 d5 4. g3 Bb4+ 5. Bd2 Be7 6. Bg2 O-O 7. O-O b6 8. cxd5 exd5 9. Nc3 Bb7 10. Bf4 Na6 11. Rc1 c5 12. Ne5 h6 13. h4 Ne4 14. Nxe4 dxe4 15. dxc5 Nxc5 16. Qc2 Rc8 17. Rfd1 Qe8 18. Qd2 Qa4 19. b3 Qb5 20. Bh3 Rcd8 21. Qe3 Qa5 22. Bxh6 gxh6 23. Qxh6 Bc8 24. Nc6 Rde8 25. Bxc8 1-0


[Site "https://www.chess.com"]

[Event "Titled Tuesday Blitz August 1 Early 2023"]
[White "Romero Pallares, Daniel"]
[Black "Derige Kane, Yan"]
[WhiteFideId "32025637"]
[BlackFideId "20665431"]
[WhiteElo "2462"]
[BlackElo "2587"]
[Result "0-1"]
[Round "9"]
[TimeControl "180+1"]
[Date "2023.08.01"]
[WhiteClock "0:00:55"]
[BlackClock "0:01:04"]
[Board "91"]

1. d4 d5 2. Nf3 Nf6 3. Bf4 e6 4. e3 Bd6 5. Nbd2 O-O 6. c3 c5 7. Bd3 Qc7 8. Bxd6 Qxd6 9. Ne5 Nc6 10. f4 b6 11. Qf3 Bb7 12. O-O Ne7 13. g4 Nd7 14. g5 Nf5 15. Qh3 g6 16. Rae1 f6 17. Nxd7 Qxd7 18. Nf3 Qg7 19. gxf6 Rxf6 20. Kf2 Raf8 21. Rg1 cxd4 22. cxd4 Bc8 23. Ne5 Nd6 24. Ke2 Ne4 25. Bxe4 dxe4 26. Rc1 Ba6+ 27. Kd2 Qe7 28. a3 Qe8 29. Rc7 R8f7 30. Nxf7 Rxf7 31. Rgc1 Qb5 32. R1c4 Qxb2+ 33. Rc2 Qb3 34. Qxe6 Qxe6 0-1


[Site "https://www.chess.com"]

[Event "Titled Tuesday Blitz August 1 Early 2023"]
[White "Kazakov, Mikhail"]
[Black "vishwa_vijeta"]
[WhiteFideId "14102749"]
[WhiteElo "2452"]
[BlackElo "2580"]
[Result "0-1"]
[Round "9"]
[TimeControl "180+1"]
[Date "2023.08.01"]
[WhiteClock "0:00:00"]
[BlackClock "0:00:16"]
[Board "92"]

1. e4 c5 2. Nf3 d6 3. d4 cxd4 4. Nxd4 Nf6 5. Nc3 g6 6. Be3 Bg7 7. f3 O-O 8. Qd2 Nc6 9. O-O-O d5 10. Qe1 e5 11. Nxc6 bxc6 12. Bc5 Re8 13. b3 Qa5 14. Na4 Qc7 15. Bd3 d4 16. g4 Be6 17. Qe2 Nd7 18. Ba3 c5 19. Bc4 Nb6 20. Bxe6 Nxa4 21. Bd5 Nc3 22. Qc4 Rac8 23. Rd3 Qa5 24. Kb2 Rb8 25. Rxc3 dxc3+ 26. Qxc3 Qa6 27. Bc4 Qd6 28. Qd3 Qd4+ 29. Qxd4 exd4 30. Kb1 Bf8 31. h4 h6 32. Bc1 a5 33. Bd5 a4 34. g5 h5 35. f4 axb3 36. cxb3 c4 37. f5 cxb3 38. axb3 gxf5 39. exf5 Re5 40. Bc4 Rxf5 41. g6 Bg7 42. gxf7+ Kh8 43. Re1 Rf8 44. Bg5 d3 45. Re8 Rf1+ 46. Bc1 d2 47. Bxf1 d1=Q 48. Bc4 Kh7 0-1


[Site "https://www.chess.com"]

[Event "Titled Tuesday Blitz August 1 Early 2023"]
[White "Karamsetty, Jeevan"]
[Black "Manukian, Artak"]
[WhiteFideId "2025337"]
[BlackFideId "13301373"]
[WhiteElo "2573"]
[BlackElo "2449"]
[Result "1-0"]
[Round "9"]
[TimeControl "180+1"]
[Date "2023.08.01"]
[WhiteClock "0:00:09"]
[BlackClock "0:00:04"]
[Board "93"]

1. e4 c6 2. d4 d5 3. exd5 cxd5 4. Bd3 Nc6 5. c3 e5 6. dxe5 Nxe5 7. Bb5+ Nc6 8. Nf3 Bc5 9. O-O Ne7 10. Bg5 f6 11. Bf4 O-O 12. Nbd2 Ng6 13. Bg3 Nce5 14. Nb3 Bb6 15. Be2 Be6 16. Nbd4 Bf7 17. Re1 Re8 18. Bb5 Rf8 19. Nxe5 fxe5 20. Bxe5 Nxe5 21. Rxe5 Qh4 22. Qd2 Rad8 23. Rae1 a6 24. g3 Qf6 25. Bf1 Rfe8 26. f4 Bc7 27. R5e3 Bb6 28. Bg2 Rxe3 29. Rxe3 h5 30. Re5 h4 31. Rg5 hxg3 32. hxg3 Re8 33. Bxd5 Bxd5 34. Rxd5 Qc6 35. Rg5 Qe4 36. Qf2 Re6 37. Rh5 Bxd4 38. cxd4 Rc6 39. Rc5 Rh6 40. Rc8+ Kh7 41. Qg2 Qxd4+ 42. Kf1 Qd1+ 43. Kf2 Re6 44. Qh3+ Rh6 45. Qf5+ Rg6 46. Qh3+ Rh6 47. Qf5+ Rg6 48. Rh8+ Kxh8 49. Qxg6 Qd4+ 50. Kf3 Qxb2 51. Qe8+ Kh7 52. Qh5+ Kg8 53. Qe8+ Kh7 54. Qh5+ Kg8 55. Qd5+ Kf8 56. Qd6+ Ke8 57. Qe6+ Kd8 58. Kg4 Qb5 59. Qg8+ Qe8 60. Qxg7 Qe6+ 61. Kg5 Qxa2 62. Qf6+ Kd7 63. g4 b5 64. f5 b4 65. Qd4+ Kc6 66. Qxb4 Qg8+ 67. Kf4 Qd8 68. Qe4+ Kb6 69. g5 a5 70. f6 Qd2+ 71. Kf5 a4 72. f7 Qf2+ 73. Kg6 a3 74. Qe6+ Kb5 75. Qf6 Qxf6+ 76. gxf6 a2 77. f8=Q a1=Q 78. Qb8+ Kc6 79. Qe8+ Kd6 80. Qe7+ Kc6 81. f7 Qg1+ 82. Qg5 Qb1+ 83. Kg7 Qb2+ 84. Qf6+ Qxf6+ 85. Kxf6 1-0


[Site "https://www.chess.com"]

[Event "Titled Tuesday Blitz August 1 Early 2023"]
[White "Herman, Daniel"]
[Black "Tologon tegin, Semetei"]
[WhiteFideId "30935008"]
[BlackFideId "13800574"]
[WhiteElo "2445"]
[BlackElo "2563"]
[Result "1/2-1/2"]
[Round "9"]
[TimeControl "180+1"]
[Date "2023.08.01"]
[WhiteClock "0:00:18"]
[BlackClock "0:00:25"]
[Board "94"]

1. Nf3 d5 2. g3 Nf6 3. Bg2 g6 4. O-O Bg7 5. d3 O-O 6. Qe1 b6 7. c4 Bb7 8. cxd5 Nxd5 9. Nc3 c5 10. Bd2 Nc6 11. Nxd5 Qxd5 12. Bc3 Nd4 13. Bxd4 Bxd4 14. Nh4 Qd7 15. Bxb7 Qxb7 16. Qd2 f5 17. Nf3 Bg7 18. Qe3 e5 19. Nxe5 Bxe5 20. Qxe5 Rae8 21. Qc3 Rxe2 22. Rae1 Rfe8 23. Rxe2 Rxe2 24. d4 Qd5 25. dxc5 bxc5 26. a3 h5 27. Qf6 Kh7 28. h4 c4 29. Kh2 Qc5 30. Qf7+ Kh6 31. Qf6 Rxf2+ 32. Kh3 Kh7 33. Qf7+ Kh8 34. Rxf2 Qxf2 35. Qf8+ Kh7 36. Qf7+ Kh6 37. Qf8+ Kh7 38. Qf7+ Kh6 39. Qf8+ Kh7 1/2-1/2


[Site "https://www.chess.com"]

[Event "Titled Tuesday Blitz August 1 Early 2023"]
[White "Diaz Herquinio, Brahian"]
[Black "Demin, Vladimir"]
[WhiteFideId "3809480"]
[BlackFideId "4167457"]
[WhiteElo "2444"]
[BlackElo "2558"]
[Result "0-1"]
[Round "9"]
[TimeControl "180+1"]
[Date "2023.08.01"]
[WhiteClock "0:00:05"]
[BlackClock "0:01:24"]
[Board "95"]

1. e4 e5 2. Nf3 Nc6 3. Bb5 a6 4. Ba4 Bc5 5. c3 Nge7 6. d4 exd4 7. cxd4 Bb4+ 8. Nc3 d5 9. e5 Bg4 10. Be3 O-O 11. h3 Bh5 12. O-O f6 13. g4 Bg6 14. e6 Qd6 15. Re1 Qxe6 16. Bf4 Qd7 17. a3 Bxc3 18. bxc3 Be4 19. Nd2 f5 20. Be5 fxg4 21. hxg4 Bg6 22. f3 Rae8 23. Kg2 b5 24. Bb3 Nxe5 25. Rxe5 c6 26. a4 Nc8 27. Rxe8 Rxe8 28. axb5 axb5 29. Nf1 Nd6 30. Ra6 Nf7 31. Qd2 h6 32. Kf2 Ng5 33. Bc2 Bxc2 34. Qxc2 Rf8 35. Nd2 Qxg4 36. Qd3 Ne4+ 37. Nxe4 dxe4 38. Qe2 Rxf3+ 39. Ke1 Qg1+ 40. Kd2 Rf2 0-1


[Site "https://www.chess.com"]

[Event "Titled Tuesday Blitz August 1 Early 2023"]
[White "Willy, Stephen"]
[Black "Dinosaurio_1975"]
[WhiteFideId "30981468"]
[WhiteElo "2443"]
[BlackElo "2553"]
[Result "1-0"]
[Round "9"]
[TimeControl "180+1"]
[Date "2023.08.01"]
[WhiteClock "0:00:17"]
[BlackClock "0:00:01"]
[Board "96"]

1. e4 c6 2. d4 d5 3. f3 e6 4. Nc3 Bb4 5. Bd2 Ne7 6. Bd3 dxe4 7. fxe4 Qxd4 8. Nf3 Qd8 9. O-O Nd7 10. e5 Ng6 11. Ne4 Qb6+ 12. Kh1 Ndxe5 13. Nxe5 Nxe5 14. Qh5 Ng6 15. Bxb4 Qxb4 16. Ng5 Qh4 17. Bxg6 hxg6 18. Qxh4 Rxh4 19. Nxf7 Bd7 20. Rad1 Ke7 21. Ng5 Be8 22. Rde1 Kd6 23. Rxe6+ Kc5 24. Rf8 Rg4 25. Nf3 Bd7 26. Re5+ Kd6 27. Rxa8 Rf4 28. Re3 Rc4 29. Rd3+ Kc7 30. Rxd7+ Kxd7 31. Ne5+ Kd6 32. Nxc4+ Kc5 33. Nd2 1-0


[Site "https://www.chess.com"]

[Event "Titled Tuesday Blitz August 1 Early 2023"]
[White "To, Nhat Minh"]
[Black "Vivas Zamora, Fabian Ernesto"]
[WhiteFideId "729019"]
[BlackFideId "3902480"]
[WhiteElo "2548"]
[BlackElo "2440"]
[Result "1-0"]
[Round "9"]
[TimeControl "180+1"]
[Date "2023.08.01"]
[WhiteClock "0:00:37"]
[BlackClock "0:00:00"]
[Board "97"]

1. e4 c5 2. d3 Nc6 3. g3 d5 4. Nc3 Nf6 5. Bg2 dxe4 6. Nxe4 Nxe4 7. Bxe4 g6 8. Ne2 Bg7 9. O-O h5 10. h4 Bg4 11. c3 Qd7 12. Be3 b6 13. Qa4 Rc8 14. Nf4 O-O 15. Rfe1 Ne5 16. Qxd7 Bxd7 17. Nd5 Rfe8 18. Bg5 f6 19. Bf4 f5 20. Bxe5 Bxe5 21. Bxf5 Bxf5 22. Rxe5 Kf7 23. Rae1 e6 24. Nf4 Rcd8 25. R5e3 e5 26. Rxe5 Rxe5 27. Rxe5 Bxd3 28. a4 Bc2 29. a5 Rd1+ 30. Kg2 Ba4 31. Re6 Bc2 32. axb6 axb6 33. Kf3 b5 34. Rb6 1-0


[Site "https://www.chess.com"]

[Event "Titled Tuesday Blitz August 1 Early 2023"]
[White "Nurgaliyeva, Zarina"]
[Black "Harriott, Tyrell"]
[WhiteFideId "13730096"]
[BlackFideId "2086484"]
[WhiteElo "2545"]
[BlackElo "2431"]
[Result "1-0"]
[Round "9"]
[TimeControl "180+1"]
[Date "2023.08.01"]
[WhiteClock "0:00:19"]
[BlackClock "0:00:10"]
[Board "98"]

1. e4 d5 2. exd5 Nf6 3. d4 Qxd5 4. Nc3 Qd6 5. Nf3 a6 6. Ne5 Nc6 7. Nxc6 Qxc6 8. d5 Qd6 9. Be2 Bf5 10. Bf3 O-O-O 11. Qd4 Kb8 12. O-O Bxc2 13. Bf4 Qd7 14. Rac1 Bg6 15. Nb5 axb5 16. Rxc7 Qxc7 17. Bxc7+ Kxc7 18. Rc1+ Kd7 19. Qb6 Ke8 20. Qxb5+ Nd7 21. Rc7 e6 22. dxe6 fxe6 23. Qxb7 Bd6 24. Rxd7 Rxd7 25. Bc6 Be7 26. Qxd7+ Kf7 27. Bf3 Rd8 28. Qc7 Kf8 29. g3 Bb1 30. a4 Bf5 31. Kg2 g6 32. a5 h5 33. a6 e5 34. a7 e4 35. Qxd8+ Bxd8 36. a8=Q exf3+ 37. Kxf3 Ke8 38. b4 Kd7 39. b5 Be7 40. Qc6+ Kd8 41. b6 Bd7 42. Qc7+ Ke8 43. b7 Bg4+ 44. Ke3 Kf7 45. b8=Q Ke6 46. Qbc8+ Kf7 47. Q8d8 Kg7 48. Qcxe7+ Kh6 49. Qh8# 1-0


[Site "https://www.chess.com"]

[Event "Titled Tuesday Blitz August 1 Early 2023"]
[White "FREDERICKtheMATE"]
[Black "Palczert, Matyas"]
[BlackFideId "784958"]
[WhiteElo "2428"]
[BlackElo "2543"]
[Result "0-1"]
[Round "9"]
[TimeControl "180+1"]
[Date "2023.08.01"]
[WhiteClock "0:02:11"]
[BlackClock "0:00:25"]
[Board "99"]

1. Nf3 d5 2. g3 Nd7 3. d4 Nb6 4. Bg2 Nf6 5. O-O Bf5 6. b3 h6 7. Bb2 e6 8. Nbd2 Be7 9. c4 c6 10. Ne5 O-O 11. f3 Nbd7 12. Nxd7 Qxd7 13. e4 Bh7 14. e5 Ne8 15. c5 b6 16. b4 Nc7 17. f4 Rfb8 18. Bc3 bxc5 19. bxc5 Nb5 20. Qc1 Nxc3 21. Qxc3 Qb7 22. Nb3 Qb4 23. Qe3 a5 24. Bh3 a4 25. Nd2 Qa5 26. Nf3 Be4 27. Nd2 Bh7 28. Nf3 Rb2 29. f5 Bxf5 30. Bxf5 exf5 31. Qf4 Qb5 32. Qxf5 Qe2 33. a3 Qg2# 0-1


[Site "https://www.chess.com"]